 Dungeon Sprint DCSS version 0.28.0-43-g3370ac3207 (webtiles) character file.

Game seed: 4649336760170609800

497 boopmooplesden the Cleaver (level 6, -4/68 HPs)
             Began as a Minotaur Berserker on Mar 13, 2022.
             Was an Elder of Trog.
             Killed from afar by a deep elf pyromancer (26 damage)
             ... with a bolt of fire
             ... in the Dungeon (Sprint III: "The Ten Rune Challenge").
             The game lasted 00:01:26 (537 turns).

boopmooplesden the Cleaver (Minotaur Berserker)      Turns: 537, Time: 00:01:27

Health: -4/68      AC:  5    Str: 21    XL:     6   Next: 93%
Magic:  5/5        EV: 14    Int:  4    God:    Trog [****..]
Gold:   19         SH:  0    Dex: 12    Spells: 5/5 levels left

rFire   . . .      SeeInvis .   a - +0 hand axe
rCold   + . .      Faith    .   (no shield)
rNeg    . . .      Spirit   .   j - +2 robe {rC+}
rPois   .          Reflect  .   (helmet unavailable)
rElec   .          Harm     .   i - +0 cloak
rCorr   .          Rampage  .   (no gloves)
Will    .....      Clarity  +   (no boots)
Stlth   +......... NoTele   +   (no amulet)
HPRegen 0.21/turn               (no ring)
MPRegen 0.09/turn               (no ring)

@: on fire, glowing
A: horns 3, retaliatory headbutt, clarity, noise suppression
a: Renounce Religion, Berserk, Trog's Hand, Brothers in Arms


You were in the Dungeon.
You worshipped Trog.
Trog was greatly pleased with you.
You visited 1 branch You collected 19 gold pieces.

Inventory:

Hand Weapons
 a - a +0 hand axe (weapon)
Armour
 b - a +0 animal skin
 i - a +0 cloak (worn)
 j - a +2 robe of cold resistance (worn)
Wands
 p - a wand of paralysis (3)
Scrolls
 h - a scroll of blinking
 k - 2 scrolls of immolation {unknown}
 l - 3 scrolls of identify
Potions
 c - a potion of curing
 d - a potion of heal wounds
 e - a potion of haste
 f - 2 potions of magic
 g - a potion of berserk rage
 m - 2 potions of might
 n - 4 potions of mutation
 o - 2 potions of flight


   Skills:
 + Level 11.6 Fighting
 + Level 12.0 Axes
 + Level 5.7 Armour
 + Level 5.7 Dodging


You had 5 spell levels left.
You didn't know any spells.
Your spell library was empty.

Dungeon Overview and Level Annotations

Branches:
Dungeon (1/1)

Altars:
Dithmenos
Elyvilon
Okawaru
Ru
Trog
Uskayaw
Wu Jian
Yredelemnul
Zin
The Shining One
Beogh


Innate Abilities, Weirdness & Mutations

You have a pair of large horns on your head.
You reflexively headbutt those who attack you in melee.
You possess an exceptional clarity of mind.
You passively dampen the noise of your surroundings.


Message History

The deep elf pyromancer closely misses you.
You barely miss the deep elf pyromancer.
You headbutt the deep elf pyromancer.
The deep elf pyromancer is lightly wounded.
You barely miss the deep elf pyromancer.
The deep elf pyromancer is lightly wounded.
You recover from your berserk rage.
The deep elf pyromancer hits you with a +2 long sword of holy wrath!
You hit the deep elf pyromancer.
Your headbutt misses the deep elf pyromancer.
The deep elf pyromancer is lightly wounded.
The deep elf pyromancer closely misses you.
You hit the deep elf pyromancer.
The deep elf pyromancer is moderately wounded.
The deep elf pyromancer hits you with a +2 long sword of holy wrath!
You closely miss the deep elf pyromancer.
You headbutt the deep elf pyromancer!
The deep elf pyromancer is heavily wounded.
You miss the deep elf pyromancer.
Your headbutt misses the deep elf pyromancer.
The deep elf pyromancer is heavily wounded.
The deep elf pyromancer barely misses you.
You furiously retaliate!
You headbutt the deep elf pyromancer.
You hit the deep elf pyromancer but do no damage.
The deep elf pyromancer is heavily wounded.
The deep elf pyromancer casts a spell.
You barely miss the deep elf pyromancer.
Your headbutt misses the deep elf pyromancer.
The deep elf pyromancer is heavily wounded.
You hit the deep elf pyromancer.
The deep elf pyromancer is severely wounded.
The deep elf pyromancer gestures at you while chanting.
The sticky flame hits you!
You are covered in liquid flames!
You barely miss the deep elf pyromancer.
The deep elf pyromancer is severely wounded.
You are covered in liquid flames!
The deep elf pyromancer casts a spell at you.
The bolt of fire hits you!!
You die...

▓▓▓▓ ▓▓▓ ...####
##.############
......#####..#_○_#___#__#
.......#..#..#○eE#__)#._#
#.##...#..#..###@#'###)##
#.###..##'#..#..........#
##.##).###...'.⌠........#
..##..####...#...######+#
..##..###....#.⌠.#
.##...##†....#...#
##....#......#+###
##..##.#.....# #..
####....#


You could see a deep elf pyromancer and a fire elemental (summoned).

Vanquished Creatures
  A necrophage (D)
  A water elemental (D)
  Jessica (D)
  A necromancer (D)
  3 humans (D)
  A wolf (D)
  2 endoplasms (D)
  A rat (D)
11 creatures vanquished.

Notes
Turn   | Place    | Note
-------+----------+-------------------------------------------
     0 | D        | boopmooplesden the Minotaur Berserker began the quest for
                  | the Orb.
     0 | D        | Reached XP level 1. HP: 19/19 MP: 0/0
    10 | D        | Reached skill level 4 in Axes
    39 | D        | Reached ** piety under Trog
    43 | D        | Noticed Jessica
    47 | D        | Killed Jessica
    48 | D        | Reached skill level 5 in Fighting
    48 | D        | Reached skill level 5 in Axes
    48 | D        | Reached XP level 2. HP: 30/30 MP: 1/1
    48 | D        | Reached XP level 3. HP: 37/37 MP: 2/2
   110 | D        | Reached skill level 6 in Axes
   129 | D        | Gained mutation: You possess an exceptional clarity of
                  | mind. [potion of mutation]
   129 | D        | Gained mutation: You have a pair of large horns on your
                  | head. [potion of mutation]
   129 | D        | Gained mutation: You passively dampen the noise of your
                  | surroundings. [potion of mutation]
   249 | D        | Noticed a water elemental
   254 | D        | Killed a water elemental
   254 | D        | Reached *** piety under Trog
   255 | D        | Reached skill level 8 in Axes
   255 | D        | Reached XP level 4. HP: 48/48 MP: 3/3
   339 | D        | Found a basalt altar of Yredelemnul.
   339 | D        | Found a shadowy altar of Dithmenos.
   339 | D        | Found a sacrificial altar of Ru.
   339 | D        | Noticed a necrophage
   342 | D        | Killed a necrophage
   343 | D        | Reached skill level 9 in Axes
   343 | D        | Reached XP level 5. HP: 57/57 MP: 4/4
   345 | D        | Reached skill level 10 in Axes
   472 | D        | Found a hide-covered altar of Uskayaw.
   472 | D        | Found an iron altar of Okawaru.
   474 | D        | Found a bloodstained altar of Trog.
   474 | D        | Found an ornate altar of the Wu Jian Council.
   474 | D        | Noticed a human
   474 | D        | Noticed a human
   481 | D        | Killed a human
   481 | D        | Reached **** piety under Trog
   482 | D        | Reached skill level 10 in Fighting
   482 | D        | Reached skill level 11 in Axes
   482 | D        | Reached skill level 5 in Armour
   482 | D        | Reached skill level 5 in Dodging
   482 | D        | Reached XP level 6. HP: 67/67 MP: 5/5
   484 | D        | Killed a human
   485 | D        | Reached skill level 12 in Axes
   522 | D        | Found a glowing silver altar of Zin.
   522 | D        | Found a glowing golden altar of the Shining One.
   522 | D        | Found a white marble altar of Elyvilon.
   522 | D        | Noticed a deep elf pyromancer
   535 | D        | Noticed a fire elemental
   537 | D        | Killed from afar by a deep elf pyromancer

Illustrated notes

Levels and vault maps discovered:
D:        dungeon_sprint_mu [sprint_mu_entry_cave, sprint_mu_temple_rooms,
          sprint_mu_d1_horrors, sprint_mu_d2_genie, sprint_mu_d3_branching,
          sprint_mu_orc_legion, sprint_mu_elf_gauntlet, sprint_mu_hive_nellie,
          sprint_mu_lair_fedhas, sprint_mu_vaults_butterflies,
          sprint_mu_slime_circle, sprint_mu_swamp_cave, sprint_mu_shoals_kraken,
          sprint_mu_blade_basic, sprint_mu_crypt_fortress,
          sprint_mu_tomb_spiral, sprint_mu_vestibule_basic,
          sprint_mu_gehenna_hellfire, sprint_mu_dis_giant,
          sprint_mu_tartarus_statrot, sprint_mu_cocytus_islands, sprint_mu_zot1]

Skill      XL: |  1  2  3  4  5  6 |
---------------+-------------------+-----
Fighting       | 5 8 9 10 11 | 11.6
Axes           | 5 8 9 11 12 | 12.0
Armour         | 3 4 5 |  5.7
Dodging        | 3 4 5 |  5.7

Action                   |  1- 3 |  4- 6 || total
-------------------------+-------+-------++-------
Melee: Hand axe          |    17 |    28 ||    45
       Headbutt          |     3 |     8 ||    11
Invok: Berserk           |     3 |     2 ||     5
  Use: Potion            |     1 |       ||     1
Armor: Animal skin       |     1 |       ||     1
       Robe              |     1 |     1 ||     2
Dodge: Dodged            |     7 |     7 ||    14
